 Seeded DCSS version 0.29.1 (webtiles) character file.

Game seed: 9708579739092153053 (custom seed)

14 GigaChad the Conjurer (level 2, 0/15 HPs)
             Began as a Deep Elf Conjurer on Sept 14, 2022.
             Slain by a jackal (2 damage)
             ... on level 1 of the Dungeon.
             The game lasted 00:00:46 (587 turns).

GigaChad the Conjurer (Deep Elf Conjurer)            Turns: 587, Time: 00:00:46

Health: 0/15       AC:  2    Str:  4    XL:     2   Next: 31%
Magic:  5/8        EV: 12    Int: 22    God:
Gold:   6          SH:  0    Dex: 13    Spells: 6/7 levels left

rFire   . . .      SeeInvis .   (no weapon)
rCold   . . .      Faith    .   (no shield)
rNeg    . . .      Spirit   .   a - +0 robe
rPois   .          Reflect  .   (no helmet)
rElec   .          Harm     .   (no cloak)
rCorr   .          Rampage  .   (no gloves)
Will    .....                   (no boots)
Stlth   ++........              (no amulet)
HPRegen 0.05/turn               (no ring)
MPRegen 0.11/turn               (no ring)

@: no status effects
A: no striking features
a: no special abilities


You were on level 1 of the Dungeon.
You visited 1 branch of the dungeon, and saw 1 of its levels.

You collected 6 gold pieces.

Inventory:

Armour
 a - a +0 robe (worn)
Scrolls
 c - a scroll of blinking {unknown}
 d - a scroll of teleportation {unknown}
 e - a scroll of butterflies {unknown}
Potions
 b - a potion of magic


   Skills:
 + Level 2.4 Dodging
 + Level 2.5 Stealth
 + Level 3.3 Spellcasting
 + Level 4.9 Conjurations


You had 6 spell levels left.
You knew the following spells:

 Your Spells              Type           Power      Damage    Failure   Level
a - Magic Dart            Conj           100%       1d8       1%          1

Your spell library contained the following spells:

 Spells                   Type           Power      Damage    Failure   Level
 Searing Ray              Conj           50%        2d6       2%          2
 Dazzling Flash           Conj/Hex       28%        N/A       13%         3
 Fulminant Prism          Conj/Hex       7%         3d7       41%         4
 Iskenderun's Mystic Bla  Conj/Tloc      14%        2d5       41%         4


Dungeon Overview and Level Annotations

Branches:
Dungeon (1/15)

Altars:


Message History

You barely miss the jackal.
The jackal is severely wounded.
The jackal closely misses you.
You barely miss the jackal.
The jackal is severely wounded.
The jackal barely misses you. The jackal misses you.
You hit the jackal but do no damage.
The jackal is severely wounded.
The jackal barely misses you.
You hit the jackal.
The jackal is almost dead.
The jackal closely misses you. x2
You closely miss the jackal.
The jackal is almost dead.
The jackal bites you.
* * * LOW HITPOINT WARNING * * *
You closely miss the jackal.
The jackal is severely wounded.
The jackal completely misses you.
You barely miss the jackal.
The jackal is severely wounded.
The jackal barely misses you.
The jackal bites you but does no damage.
You hit the jackal but do no damage.
The jackal is severely wounded.
The jackal misses you.
You barely miss the jackal.
The jackal is severely wounded.
The jackal closely misses you. x2
You hit the jackal but do no damage.
The jackal is severely wounded.
The jackal bites you.
* * * LOW HITPOINT WARNING * * *
You hit the jackal.
The jackal is almost dead.
The jackal misses you.
You barely miss the jackal.
The jackal is almost dead.
The jackal bites you.
You die...

#.###############
#......#. #.#
##############
############. #.#
~.~.~~~...~~~#
#........#...
#.##.~~.......~~.#
#.###...##)##
#.##..≈~≈~≈~~~≈..# #.#
#........
..##.~≈≈≈≈≈≈≈≈~..####.#
#...##.##
..##..~≈≈~~≈≈≈~..†.##.#
#..###.#
..##.~~≈~...~~≈..#....#
#+## #.#
.#..~.~≈≈._.≈~~~@#....#
#..
###.~.~≈~~♣~~≈~.h...>.#
### #
##)~≈≈≈≈~~~~~.~†....#
###..~~≈≈≈≈≈≈≈~~......#
.#.#..≈≈≈≈≈~~≈~.......#
.....~.≈~~≈~.~.~~#...##
.###~~~.~..~.....#...#
.# ##.####.............
## .# #......######.


You could see a jackal.

Vanquished Creatures
  A bat (D:1)
  2 giant cockroaches (D:1)
  2 goblins (D:1)
  2 hobgoblins (D:1)
  3 jackals (D:1)
  A rat (D:1)
11 creatures vanquished.

Notes
Turn   | Place    | Note
-------+----------+-------------------------------------------
     0 | D:1      | GigaChad the Deep Elf Conjurer began the quest for the Orb.
     0 | D:1      | Reached XP level 1. HP: 10/10 MP: 6/6
   376 | D:1      | Found a faded altar of an unknown god.
   473 | D:1      | Reached XP level 2. HP: 15/15 MP: 6/8
   587 | D:1      | Slain by a jackal

Illustrated notes

Levels and vault maps discovered:
D:1:      matt_arrival_spirals, layout_loops_ring,
          chequers_ecumenical_altar_island, chequers_serial_rivers_room_b,
          minmay_misc_feat_nine_boxes

Action                   || total
-------------------------++-------
Melee: Unarmed           ||    37
 Cast: Magic Dart        ||    21
Armor: Robe              ||     9
Dodge: Dodged            ||    38
